 Dungeon Crawl Stone Soup version 0.20-a0-850-ge5a7832 (webtiles) character file.

31 Alarkh the Skirmisher (level 3, 29/29 HPs)
             Began as a Demonspawn Fighter on Mar 10, 2017.
             Quit the game on level 2 of the Dungeon.
             The game lasted 00:00:54 (1132 turns).

Alarkh the Skirmisher (Demonspawn Fighter)          Turns: 1132, Time: 00:00:55

Health: 29/29      AC:  7    Str: 16    XL:     3   Next: 7%
Magic:  3/3        EV:  7    Int: 10    God:
Gold:   55         SH:  9    Dex: 14    Spells: 2/2 levels left

rFire    . . .     SeeInvis .   a - +0 long sword
rCold    . . .     Gourm    .   b - +0 scale mail
rNeg     . . .     Faith    .   c - +0 shield
rPois    .         Spirit   .   (no helmet)
rElec    .         Reflect  .   n - +0 cloak (curse)
rCorr    .         Harm     .   (no gloves)
MR       .....                  (no boots)
Stlth    +.........             (no amulet)
Regen    0.1/turn               (no ring)
MPRegen  0.1/turn               (no ring)

@: no status effects
A: thin skeletal structure 1, spiny 1
a: no special abilities


You were on level 2 of the Dungeon.
You were not hungry.

You visited 1 branch of the dungeon, and saw 2 of its levels.

You collected 55 gold pieces.

Inventory:

Hand Weapons
 a - a +0 long sword (weapon)
Armour
 b - a +0 scale mail (worn)
 c - a +0 shield (worn)
 n - a cursed +0 cloak (worn)
Scrolls
 e - a scroll of identify
 g - 2 scrolls of remove curse {unknown}
 h - a scroll of fog {unknown}
 i - a scroll of amnesia {unknown}
 j - a scroll of random uselessness {unknown}
 k - a scroll of fear {unknown}
 l - a scroll of enchant weapon {unknown}
 m - a scroll of teleportation
 p - a scroll of blinking {unknown}
Potions
 d - a potion of might
Comestibles
 f - 2 bread rations
 o - a royal jelly
 q - a chunk of flesh
 r - a meat ration


   Skills:
 + Level 3.1 Fighting
 * Level 2.2 Long Blades
 + Level 2.9 Armour
 + Level 0.6 Dodging
 + Level 3.0 Shields


You had 2 spell levels left.
You didn't know any spells.

Dungeon Overview and Level Annotations

Branches:
Dungeon (2/15)

Altars:


Innate Abilities, Weirdness & Mutations

You have a somewhat thin skeletal structure. (Dex +2, Stealth)
You are partially covered in sharp spines.


Message History

A kobold comes into view. It is wielding a short sword.
Found 14 gold pieces.
Your shield and scale mail prevent you from hitting the kobold.
You block the kobold's attack. The kobold is struck by your spines.
The kobold hits you but does no damage.
You barely miss the kobold.
The kobold is moderately wounded.
You block the kobold's attack.
You slash the kobold!
You kill the kobold!
No target in view!
No target in view!
No target in view!
No target in view!
No target in view!
Are you sure you want to abandon this character and quit the game? (Confirm with "yes".)
Okay, then.
Unknown command.
Unknown command.
Are you sure you want to abandon this character and quit the game? (Confirm with "yes".)

♣# ..# ♣.# ##.#
..# #### #.#
.$...
###.####....#
#.>...@)..# #
#.#.###.....#
#.##.#.# #.####
#......# .#
####.### .
####....#### ##
###..........#
....##.#..##.#
##..##....##.#..


There were no monsters in sight!

Vanquished Creatures
  An ooze (D:1)
  3 dart slugs (D:1)
  A giant cockroach (D:1)
  4 goblins
  A hobgoblin (D:1)
  A bat (D:1)
  A frilled lizard (D:1)
  5 kobolds
  4 rats (D:1)
21 creatures vanquished.

Notes
Turn   | Place    | Note
-------+----------+-------------------------------------------
     0 | D:1      | Alarkh the Demonspawn Fighter began the quest for the Orb.
     0 | D:1      | Reached XP level 1. HP: 18/18 MP: 1/1
   254 | D:1      | Gained mutation: You have a somewhat thin skeletal structure. (Dex +2, Stealth) [demonic ancestry]
   254 | D:1      | Reached XP level 2. HP: 24/24 MP: 2/2
  1036 | D:2      | Gained mutation: You are partially covered in sharp spines. [demonic ancestry]
  1036 | D:2      | Reached XP level 3. HP: 29/29 MP: 3/3
  1132 | D:2      | Quit the game

Vault maps used:
D:1:      dpeg_arrival_rhombus, minmay_misc_feat_nine_boxes
D:2:      serial_forest, infiniplex_forest_straight_2,
          infiniplex_forest_clump_small, infiniplex_forest_clump_curved,
          infiniplex_forest_corner_1, infiniplex_forest_corner_1,
          infiniplex_forest_lined_2, infiniplex_forest_zigzag_2,
          infiniplex_forest_clump_tiny, infiniplex_forest_end_3,
          infiniplex_forest_diagonal

Skill      XL: |  1  2 |
---------------+-------+-----
Long Blades    | 2 |  2.2
Shields        | 3 |  3.0
Fighting       | |  3.1
Armour         | |  2.9
Dodging        | |  0.6

Action                   || total
-------------------------++-------
Melee: Long sword        ||    60
  Use: Scroll            ||     1
  Eat: Chunk             ||     1
Armor: Scale mail        ||    26
Dodge: Dodged            ||    11
Block: Shield            ||    22
       Rpst.: Long sword ||     2
